 Dungeon Crawl Stone Soup version 0.28.0-53-g5a82cb258f (webtiles) character file.

Game seed: 12984173919380912505

337 Sanktem7 the Skirmisher (level 6, -1/87 HPs)
             Began as a Minotaur Berserker on June 30, 2022.
             Was a Believer of Trog.
             Killed from afar by an orc wizard (10 damage)
             ... with a puff of flame
             ... on level 4 of the Dungeon.
             The game lasted 00:06:59 (4400 turns).

Sanktem7 the Skirmisher (Minotaur Berserker)        Turns: 4400, Time: 00:06:59

Health: -1/87      AC: 23    Str: 21    XL:     6   Next: 28%
Magic:  5/5        EV:  2    Int:  4    God:    Trog [**....]
Gold:   133        SH:  0    Dex: 12    Spells: 5/5 levels left

rFire   . . .      SeeInvis .   a - +0 hand axe {axe}
rCold   . . .      Faith    .   (no shield)
rNeg    . . .      Spirit   .   (armour currently unavailable)
rPois   +          Reflect  .   (helmet currently unavailable)
rElec   .          Harm     .   (cloak currently unavailable)
rCorr   .          Rampage  .   (gloves currently unavailable)
Will    .....      NoTele   +   (boots currently unavailable)
Stlth   +.........              (no amulet)
HPRegen 0.24/turn               (no ring)
MPRegen 0.09/turn               (no ring)

@: tree-form
A: stationary, stasis, torment immunity, boosted hp, (horns 2), (retaliatory
headbutt)
a: Renounce Religion, Berserk, Trog's Hand


You were on level 4 of the Dungeon.
You worshipped Trog.
Trog was pleased with you.
You were a tree.
You visited 1 branch of the dungeon, and saw 4 of its levels.

You collected 133 gold pieces.


Innate Abilities, Weirdness & Mutations

You are a tree.
Your roots penetrate the ground, keeping you stationary.
You cannot be teleported.
You are immune to unholy pain and torment.
Your maximum health is greatly increased.
Your equipment is partially melded.
((You have a pair of horns on your head.))
((You reflexively headbutt those who attack you in melee.))


   Skills:
 * Level 6.6 Fighting
 * Level 6.5 Axes
 - Level 2.4 Armour
 - Level 2.1 Dodging


You had 5 spell levels left.
You didn't know any spells.
Your spell library contained the following spells:

 Spells                   Type           Power      Damage    Failure   Level
 Slow                     Hex            0%         N/A       50%         1
 Confusing Touch          Hex            0%         N/A       86%         3
 Vampiric Draining        Necr           0%         2d6       86%         3

Inventory:

Hand Weapons
 a - a +0 hand axe (weapon) {axe}
 c - a +0 dagger of speed {short}
   (You found it on level 4 of the Dungeon)
 u - a +0 mace {mace}
   (You took it off Terence on level 3 of the Dungeon)
Missiles
 b - 49 stones {throwing}
 d - a boomerang {throwing}
 e - 25 arrows
 h - 2 javelins {throwing}
 j - 8 poisoned darts (quivered) {throwing}
Armour
 i - a +0 cloak (melded)
   (You found it on level 1 of the Dungeon)
 t - the +3 hat of Pondering (melded) {ponderous, Will+ MP+10 Int+5}
   (You found it on level 3 of the Dungeon)

   Int:       It affects your intelligence (+5).
   MP:        It affects your magic capacity (+10).
   Will:      It increases your willpower.
 v - a +0 chain mail (melded)
   (You took it off Terence on level 3 of the Dungeon)
Jewellery
 p - an amulet of magic regeneration {@e2}
   (You found it on level 3 of the Dungeon)
Scrolls
 f - a scroll of fear {unknown}
 o - 4 scrolls of teleportation {@r4}
Potions
 g - a potion of curing {@q1}
 n - a potion of might {unknown}

Dungeon Overview and Level Annotations

Branches:
Dungeon (4/15)             Temple (0/1) D:4

Altars:
Gozag
Sif Muna
Trog

.# # .### .# #.$. #
##.# ... P# ....
##..P..# .#.# #..P>..##
.#.# #.o......
.#.####.#### ##♣Oo.o.#
...........####..####.#
....###.........##
.....##.##.##.####
.......[##.#.....#
##.####.##.#..##.# ##.#
#.....#.# #.# ###...#.#
#+# #.....#


You could see an ogre, an orc wizard and 2 orcs.


Message History

You regained 4 hp, and now have 23/58 hp.
Your mp is fully restored (15).
You start resting.
You start resting. 😎 HP[+35]
Your hp is fully restored (58).
Items here: )) [[.
h - 2 javelins {throwing}
Items here: )) [[.
An adder comes into view.
The adder hisses angrily.
An adder is nearby!
An adder is nearby!
An adder is nearby!
An adder is nearby!
An adder is nearby!
An adder is nearby!
You hit the adder. You headbutt the adder.
The adder bites you but does no damage. The adder barely misses you.
You hit the adder but do no damage. The adder bites you but does no damage.
You miss the adder. The adder closely misses you.
You slash the adder!
You kill the adder!
Trog accepts your kill.
A hound comes into view.
The hound barks!
The hound moves out of view.
A hound is nearby!
The hound barely misses you. The hound bites you but does no damage.
Unknown command.
You closely miss the hound. The hound bites you but does no damage.
The hound completely misses you. You furiously retaliate!
You headbutt the hound! You barely miss the hound.
Your headbutt misses the hound. The hound bites you but does no damage.
You closely miss the hound. The hound barely misses you.
The hound bites you. 😕 HP[-1]
You take 1 damage, and now have 57/58 hp.
You miss the hound. Your headbutt misses the hound.
The hound bites you but does no damage.
You hit the hound but do no damage. Your headbutt misses the hound.
The hound bites you.
The hound bites you but does no damage. 😕 HP[-3]
You take 3 damage, and now have 54/58 hp.
You hit the hound. The hound bites you. 😕 HP[-2]
You take 2 damage, and now have 52/58 hp.
You hit the hound.
You kill the hound!
Trog accepts your kill.
You see here a hound corpse.
b - 49 stones {throwing} (gained 17)
Found a staircase to the Ecumenical Temple. 😎 HP[+6]
Your hp is fully restored (58).
An ogre comes into view. It is wielding a +0 giant club.
The ogre shouts!
An ogre is nearby!
The ogre hits you with a +0 giant club!! 😮 HP[-20]
You take 20 damage, and now have 38/58 hp.
MASSIVE DAMAGE!! (PAUSE)
You hit the ogre.
An orc wizard comes into view. It is wielding a +0 dagger.
The ogre hits you with a +0 giant club!
* * * LOW HITPOINT WARNING * * *
😨 HP[-9]
You take 9 damage, and now have 29/58 hp.
The orc wizard shouts!
You slash the ogre! The ogre hits you but does no damage.
You hit the ogre but do no damage. You headbutt the ogre.
An orc comes into view. It is wielding a +0 hand axe.
The orc shouts!
You hit the ogre.
The ogre hits you with a +0 giant club!!
* * * LOW HITPOINT WARNING * * *
😱 HP[-23]
You take 23 damage, and now have 6/58 hp.
MASSIVE DAMAGE!! (PAUSE) Really quaff the potion of lignification?
You turn into a tree.
Your +0 cloak melds into your body.
The +3 hat of Pondering {ponderous, Will+ MP+10 Int+5} melds into your body.
Your +0 chain mail melds into your body.
That put a bit of spring back into your step.
Your roots penetrate the ground.
An orc comes into view. It is wielding a +0 flail.
The ogre barely misses you. The orc wizard casts a spell at you.
You resist with some effort. 😱 HP[+4] MP[-10]
You now have 87 max hp (+29).
You regained 4 hp, and now have 10/87 hp.
You closely miss the ogre.
The orc shouts!
You hit the orc wizard. The ogre hits you with a +0 giant club.
* * * LOW HITPOINT WARNING * * *
The orc wizard gestures at you while chanting.
The puff of flame hits you!
You die...

Skill      XL: |  1  2  3  4  5 |
---------------+----------------+-----
Fighting       | 4 5 6 |  6.6
Axes           | 4 5 6 |  6.5
Armour         | |  2.4
Dodging        | |  2.1

Action                   |  1- 3 |  4- 6 || total
-------------------------+-------+-------++-------
Melee: Hand axe          |    65 |   119 ||   184
       Headbutt          |     9 |    22 ||    31
       Punch             |       |     4 ||     4
  Use: Scroll            |       |     7 ||     7
       Potion            |       |     1 ||     1
 Stab: Sleeping          |     1 |     1 ||     2
Armor: Animal skin       |     8 |    12 ||    20
       Chain mail        |       |    21 ||    21
Dodge: Dodged            |    33 |    56 ||    89

Levels and vault maps discovered:
D:1:      dpeg_arrival_arbitrary_a, layout_basic,
          shapermc_ecumenical_altar_mp_ritualfount
D:2:      layout_basic
D:3:      layout_loops_corners, lemuel_crystal_altar, old_standard_altar,
          nicolae_gozag_seed_capital, uniq_terence
D:4:      layout_loops_corners, general_overflow_altar,
          minmay_temple_entry_overgrown, minmay_between, uniq_duvessa

Notes
Turn   | Place    | Note
-------+----------+-------------------------------------------
     0 | D:1      | Sanktem7 the Minotaur Berserker began the quest for the
                  | Orb.
     0 | D:1      | Reached XP level 1. HP: 19/19 MP: 0/0
     0 | D:1      | magus.rc [v1.9.6]
   252 | D:1      | Found a faded altar of an unknown god.
   508 | D:1      | Reached skill level 4 in Fighting
   508 | D:1      | Reached skill level 4 in Axes
   811 | D:1      | Reached XP level 2. HP: 27/27 MP: 1/1
  1264 | D:2      | Reached XP level 3. HP: 25/34 MP: 2/2
  1741 | D:2      | You pick up a book of Debilitation {forbidden} and begin
                  | reading...
  1741 | D:2      | You add the spells Slow, Vampiric Draining and Confusing
                  | Touch to your library.
  1786 | D:2      | Reached XP level 4. HP: 39/41 MP: 3/3
  1790 | D:2      | Reached skill level 5 in Fighting
  1790 | D:2      | Reached skill level 5 in Axes
  2476 | D:2      | Reached ** piety under Trog
  2866 | D:3      | Found a shimmering blue altar of Sif Muna.
  2916 | D:3      | Found an opulent altar of Gozag.
  3010 | D:3      | Found a bloodstained altar of Trog.
  3498 | D:3      | Noticed Terence
  3498 | D:3      | Found the +3 hat of Pondering {ponderous, Will+ MP+10
                  | Int+5}
  3504 | D:3      | Killed Terence
  3505 | D:3      | Reached XP level 5. HP: 35/49 MP: 4/4
  4074 | D:4      | Noticed a centaur
  4099 | D:4      | Noticed Duvessa
  4101 | D:4      | Noticed Dowan
  4112 | D:4      | Killed Duvessa
  4113 | D:4      | Reached skill level 6 in Fighting
  4113 | D:4      | Reached skill level 6 in Axes
  4126 | D:4      | Killed Dowan
  4127 | D:4      | Reached XP level 6. HP: 23/58 MP: 5/5
  4391 | D:4      | Found a staircase to the Ecumenical Temple.
  4398 | D:4      | HP: 6/58 [ogre/+0 giant club (23)]
  4400 | D:4      | Killed from afar by an orc wizard

Vanquished Creatures
  Duvessa (D:4)
  Dowan (D:4)
  A hound (D:4)
  Terence (D:3)
  6 adders
  4 worms
  2 dart slugs
  2 orcs (D:4)
  7 bats
  6 endoplasms
  3 giant cockroaches
  7 goblins
  8 hobgoblins
  3 quokkas
  6 ball pythons
  4 frilled lizards
  6 kobolds
  6 rats
74 creatures vanquished.

Table legend:
 A = Non-vault XP
 B = Vault XP
 C = Vault XP percentage of total XP
 D = Non-vault monster count
 E = Vault monster count
 F = Vault count percentage of total count
                 A         B        C        D         E       F
            +---------+---------+-------+---------+---------+-------
      Total |     247 |     235 |  48.8 |      70 |       4 |   5.4
            +---------+---------+-------+---------+---------+-------
        D:1 |      23 |       0 |   0.0 |      14 |       0 |   0.0
        D:2 |     114 |       0 |   0.0 |      29 |       0 |   0.0
        D:3 |      46 |      32 |  41.0 |      22 |       1 |   4.3
        D:4 |      64 |     203 |  76.0 |       5 |       3 |  37.5
            +---------+---------+-------+---------+---------+-------

Illustrated notes

Table legend:
 A = Kills in this place as a percentage of kills in entire the game.
 B = Kills by you in this place as a percentage of kills by you in the entire game.
 C = Kills by friends in this place as a percentage of kills by friends in the entire game.
 D = Other kills in this place as a percentage of other kills in the entire game.
 E = Experience gained in this place as a percentage of experience gained in the entire game.
 F = Experience gained in this place divided by the number of levels of this place that you have seen.
                   A       B       C       D       E      F
               +-------+-------+-------+-------+-------+----------------------
         Total | 100.0 | 100.0 |   N/A |   N/A | 100.0 | 120.5
       Dungeon | 100.0 | 100.0 |   N/A |   N/A | 100.0 | 120.5
               +-------+-------+-------+-------+-------+----------------------

Table legend: (Time is in decaauts)
 A = Elapsed time spent in this place.
 B = Non-inter-level travel time spent in this place.
 C = Inter-level travel time spent in this place.
 D = Time resting spent in this place.
 E = Time spent auto-exploring this place.
 F = Levels seen in this place.
 G = Mean time per level.
                   A        B        C        D        E       F      G
               +--------+--------+--------+--------+--------+-----+--------+
         Total |   4433 |   4302 |    131 |    662 |   3081 |   4 | 1108.2 |
       Dungeon |   4433 |   4302 |    131 |    662 |   3081 |   4 | 1108.2 |
               +--------+--------+--------+--------+--------+-----+--------+

Top non-repeatable levels by time:
     D:2: 1387 daAuts
     D:1: 1256 daAuts
     D:3: 1214 daAuts
     D:4: 575 daAuts
